 Dungeon Crawl Stone Soup version 0.30.1-4-g462c640d31 (webtiles) character file.

Game seed: 3331820195580458201

4984 Peloso the Carver (level 10, -5/78 (88) HPs)
             Began as a Minotaur Fighter on Aug 19, 2023.
             Was a Believer of Okawaru.
             Slain by a gnoll
             ... wielding a +2 halberd of electrocution
              (15 damage)
             ... in a bailey.
             The game lasted 00:17:26 (8644 turns).

Peloso the Carver (Minotaur Fighter)                Turns: 8644, Time: 00:17:26

HP:   -5/78 (88)    AC: 17    Str: 22    XL:     10   Next: 29%
MP:   9/9           EV: 12    Int:  5    God:    Okawaru [**....]
Gold: 625           SH:  6    Dex: 13    Spells: 9/9 levels left

rFire   . . .        a - +0 long sword
rCold   + . .        c - +0 buckler
rNeg    . . .        r - +2 plate armour {rC+}
rPois   .            t - +1 hat
rElec   .            (no cloak)
rCorr   .            (no gloves)
SInv    .            (no boots)
Will    .....        (no amulet) Stlth
                     m - +5 ring of evasion
HPRegen 0.33/turn    n - ring of flight
MPRegen 0.11/turn

%: no passive effects
@: mighty, flying, heavily drained
A: horns 2, retaliatory headbutt
a: Renounce Religion, Heroism


You were in a bailey.
You worshipped Okawaru.
Okawaru was pleased with you.
You visited 2 branches of the dungeon, and saw 10 of its levels.
You also visited: Bailey.

You collected 625 gold pieces.

Inventory:

Hand Weapons
 a - a +0 long sword (weapon)
 b - a +1 whip of flaming
Armour
 c - a +0 buckler (worn)
 r - a +2 plate armour of cold resistance (worn)
 t - a +1 hat (worn)
 y - a +2 scale mail of fire resistance
Jewellery
 m - a +5 ring of evasion (left hand)
 n - a ring of flight (right hand)
 F - a ring of fire
Wands
 D - a wand of flame (9)
Scrolls
 g - a scroll of fear
 j - 5 scrolls of fog {unknown}
 l - 2 scrolls of noise {unknown}
 o - 2 scrolls of enchant armour {unknown}
 p - 3 scrolls of amnesia
 u - a scroll of magic mapping
 v - 4 scrolls of teleportation {unknown}
 w - 2 scrolls of silence
 A - a scroll of brand weapon
 B - a scroll of summoning
 C - a scroll of poison
 G - a scroll of enchant weapon
Potions
 d - a potion of might
 e - 2 potions of mutation
 f - a potion of invisibility
 h - 5 potions of attraction
 i - 2 potions of heal wounds
 k - 3 potions of curing {unknown}
 q - a potion of flight {unknown}
 s - a potion of brilliance {unknown}
 x - 2 potions of degeneration {unknown}
 z - a potion of haste
 E - 2 potions of magic {unknown}
 H - 2 potions of ambrosia {unknown}
 I - a potion of resistance {unknown}


   Skills:
 + Level 7.8 Fighting
 + Level 12.4 Long Blades
 + Level 9.1 Armour
 + Level 2.4 Dodging
 + Level 1.2 Stealth
 + Level 7.9 Shields
 + Level 0.1 Evocations


You had 9 spell levels left.
You didn't know any spells.
Your spell library contained the following spells:

 Spells                   Type           Power      Damage    Failure   Level
 Kiss of Death            Conj/Necr      0%         2d5       100%        1
 Slow                     Hex            0%         N/A       100%        1
 Blink                    Tloc           0%         N/A       100%        2
 Lesser Beckoning         Tloc           0%         N/A       100%        2
 Momentum Strike          Conj/Tloc      0%         3d8       100%        2
 Static Discharge         Conj/Air       0%         2-2/arc   100%        2
 Confusing Touch          Hex            0%         N/A       100%        3
 Gell's Gravitas          Tloc           0%         N/A       100%        3
 Inner Flame              Hex/Fire       0%         N/A       100%        3
 Teleport Other           Tloc           0%         N/A       100%        3
 Vampiric Draining        Necr           0%         2d6       100%        3
 Airstrike                Air            0%         2d(0-16)  100%        4
 Dispel Undead            Necr           0%         3d6       100%        4
 Yara's Violent Unravell  Hex/Tmut       0%         3d3       100%        5
 Enfeeble                 Hex            0%         N/A       100%        7
 Storm Form               Tmut/Air       0%         N/A       100%        7
 Maxwell's Capacitive Co  Air            0%         ∞         100%        8
 Summon Lightning Spire   Summ/Air       Unusable   N/A       N/A         4

Dungeon Overview and Level Annotations

Branches:
Dungeon (9/15)             Temple (1/1) D:7            Lair (0/5) D:9
    Orc (0/2) D:9          Bailey (1/1)

Altars:
Ashenzari
Cheibriados
Dithmenos
Elyvilon
Fedhas
Gozag
Hepliaklqana
Kikubaaqudgha
Makhleb
Nemelex Xobeh
Okawaru
Qazlal
Ru
Sif Muna
Trog
Uskayaw
Vehumet
Wu Jian
Xom
Yredelemnul
Zin
The Shining One

Shops:
D:6 =

Annotations:
D:3 1 runed translucent door
D:5 Dig


Innate Abilities, Weirdness & Mutations

You have a pair of horns on your head.
You reflexively headbutt those who attack you in melee.


Message History

The orc knight is moderately wounded.
The orc knight hits you with a +0 halberd.
The gnoll barely misses you.
You slash the orc knight! Your headbutt misses the orc knight.
The orc knight is moderately wounded.
The orc knight hits you with a +0 halberd!
* * * LOW HITPOINT WARNING * * *
The gnoll drinks a potion.
The gnoll flickers and vanishes!
Deactivating autopickup; reactivate with Ctrl-A.
The gnoll barely misses you.
You feel much better. The orc knight barely misses you.
The gnoll closely misses you.
You hit the orc knight.
The orc knight is heavily wounded.
You hit the orc knight. You headbutt the orc knight!
The orc knight is severely wounded.
You block the orc knight's attack.
The gnoll hits you from afar with a +2 halberd of electrocution.
You are electrocuted!
You slash the orc knight! Your headbutt misses the orc knight.
The orc knight is almost dead.
The orc knight closely misses you. The gnoll barely misses you.
You closely miss the orc knight. Your headbutt misses the orc knight.
The orc knight is almost dead.
The orc knight hits you but does no damage.
You block the gnoll's attack.
You closely miss the orc knight.
The orc knight is almost dead.
You block the orc knight's attack. The gnoll hits you but does no damage.
You are electrocuted!
* * * LOW HITPOINT WARNING * * *
You barely miss the orc knight. Your headbutt misses the orc knight.
The orc knight is almost dead.
You slice the orc knight!!
You kill the orc knight!
Okawaru is honoured by your kill.
The gnoll hits you from afar with a +2 halberd of electrocution!
* * * LOW HITPOINT WARNING * * *
You are electrocuted!
You die...

#g#.# ##.#
+##+ +#
#'##+##'##
#!.. #.....##
#...!
###.....###
+!.⌠g
#.'..⌠).')#
!...
###.....###
g{# ##.....##
#g###'##'##'##
#)@)###.###.#
##### ### ###


You could see 2 gnolls.

Vanquished Creatures
  Pikel (D:8)
  An orc knight (Bailey)
  A troll (D:9)
  A wyvern (D:8)
  Eustachio (D:6)
  A water moccasin (D:5)
  2 orc warriors
  A sky beast (D:6)
  2 ice beasts (D:6)
  3 ogres
  A wolf (D:9)
  A centaur (D:5)
  2 phantoms
  3 kobold brigands
  5 bullfrogs
  3 scorpions
  10 wights
  4 killer bees (D:9)
  3 electric eels (D:9)
  A howler monkey (D:6)
  12 hounds
  A jelly (D:8)
  6 orc priests
  A gnoll bouda (D:7)
  7 iguanas
  9 orc wizards
  2 sleepcaps
  10 gnolls
  5 adders
  A shadow imp (D:8)
  4 white imps
  3 ufetubi
  3 worms
  3 dart slugs
  36 orcs
  8 endoplasms
  2 giant cockroaches
  6 goblins
  4 hobgoblins
  3 jackals (D:1)
  19 kobolds
  2 quokkas
  6 ball pythons
  4 bats
  4 frilled lizards
  A kobold skeleton (D:3)
  5 rats
214 creatures vanquished.

Vanquished Creatures (others)
  An orc (D:9)
1 creature vanquished.

Grand Total: 215 creatures vanquished

Notes
Turn   | Place    | Note
-------+----------+-------------------------------------------
     0 | D:1      | Peloso the Minotaur Fighter began the quest for the Orb.
     0 | D:1      | Reached XP level 1. HP: 19/19 MP: 0/0
   152 | D:1      | Reached XP level 2. HP: 27/27 MP: 1/1
   180 | D:1      | Found a faded altar of an unknown god.
   907 | D:2      | Reached XP level 3. HP: 33/33 MP: 2/2
  1561 | D:3      | Reached skill level 3 in Long Blades
  1584 | D:3      | Found a runed translucent door.
  1584 | D:3      | Noticed a human
  1617 | D:3      | Found a basalt altar of Yredelemnul.
  1649 | D:3      | Reached XP level 4. HP: 40/40 MP: 3/3
  1945 | D:3      | Found an opulent altar of Gozag.
  2004 | D:3      | Found a bloodstained altar of Trog.
  2293 | D:4      | Reached skill level 5 in Armour
  2471 | D:4      | Reached skill level 1 in Dodging
  2577 | D:4      | Reached skill level 4 in Long Blades
  2577 | D:4      | Reached XP level 5. HP: 41/46 MP: 4/4
  2849 | D:4      | Noticed an ogre
  3087 | D:5      | Entered Level 5 of the Dungeon
  3092 | D:5      | Noticed a centaur
  3097 | D:5      | Noticed a phantom
  3109 | D:4      | Reached XP level 6. HP: 35/53 MP: 5/5
  3194 | D:4      | Found an ornate altar of the Wu Jian Council.
  3308 | D:4      | Reached skill level 5 in Long Blades
  3529 | D:5      | Reached skill level 6 in Long Blades
  3529 | D:5      | Reached XP level 7. HP: 60/60 MP: 6/6
  3559 | D:5      | Reached skill level 5 in Shields
  3861 | D:5      | Reached skill level 5 in Fighting
  3861 | D:5      | Reached skill level 7 in Long Blades
  4025 | D:5      | Found a broken altar of Ashenzari.
  4103 | D:5      | Reached XP level 8. HP: 68/68 MP: 7/7
  4249 | D:5      | Found a glowing silver altar of Zin.
  4415 | D:5      | Reached skill level 8 in Long Blades
  5044 | D:6      | Noticed Eustachio
  5060 | D:6      | Killed Eustachio
  5061 | D:6      | Reached skill level 9 in Long Blades
  5222 | D:6      | Found Ycamn's Jewellery Emporium.
  5363 | D:6      | Reached XP level 9. HP: 66/78 MP: 8/8
  5552 | D:6      | Found a shadowy altar of Dithmenos.
  5682 | D:6      | Reached skill level 10 in Long Blades
  5915 | D:7      | Found a snail-covered altar of Cheibriados.
  5915 | D:7      | Found a sparkling altar of Nemelex Xobeh.
  6289 | D:7      | Found a hide-covered altar of Uskayaw.
  6450 | D:7      | Found a staircase to the Ecumenical Temple.
  6462 | Temple   | Entered the Ecumenical Temple
  6499 | Temple   | Became a worshipper of Warmaster Okawaru
  6815 | D:7      | Found a blossoming altar of Fedhas.
  6821 | D:7      | Found a burning altar of Makhleb.
  6991 | D:7      | Found a white marble altar of Elyvilon.
  7104 | D:8      | Noticed Pikel
  7126 | D:8      | Killed Pikel
  7126 | D:8      | Reached * piety under Okawaru
  7127 | D:8      | Reached skill level 11 in Long Blades
  7303 | D:8      | Found an ancient bone altar of Kikubaaqudgha.
  8014 | D:9      | Found a staircase to the Orcish Mines.
  8028 | D:9      | Found a staircase to the Lair.
  8045 | D:9      | Reached XP level 10. HP: 79/86 MP: 9/9
  8057 | D:9      | Reached ** piety under Okawaru
  8082 | D:9      | Reached skill level 12 in Long Blades
  8153 | D:9      | Reached skill level 1 in Stealth
  8299 | D:9      | Found a flagged portal.
  8309 | Bailey   | Entered a bailey
  8616 | Bailey   | Noticed an orc knight
  8644 | Bailey   | Killed an orc knight
  8644 | Bailey   | Slain by a gnoll

Illustrated notes

Levels and vault maps discovered:
D:1:      kennysheep_arrival_seaside, layout_rooms,
          shapermc_ecumenical_altar_acropolis
D:2:      layout_loops_ring, solitary_fountain
D:3:      wad_crossroads, layout_basic,
          nicolae_gozag_cash_rules_everything_around_me,
          overflow_temple_1_default, dk_yredelemnul_ordeal, serial_bayou_pond_e
D:4:      layout_basic, pdpol_wu_jian_five_deadly_venoms
D:5:      layout_basic, zin_treasury, nicolae_overflow_hidden_temple,
          minmay_starry_boxes
D:6:      layout_basic, mainiacjoe_overflow_24_doors,
          minmay_shop_enchanted_jewellery, serial_bayou_pond_b, uniq_eustachio
D:7:      layout_basic, mainiacjoe_overflow_tiny_flanked,
          mainiacjoe_overflow_large_starburst,
          gammafunk_temple_overflow_elements, kennysheep_mini,
          minmay_temple_entry_arrows, grunt_ministairs_8, minmay_misc_feat_doors
D:8:      layout_basic, overflow_temple_1_default, uniq_pikel
D:9:      layout_basic, erik_lair_island, orc_0_dummy, enter_bailey_2,
          minmay_fractal_squares_gapless_7
Temple:   hellmonk_temple_of_storms
Bailey:   bailey_polearm_nasty_gnolls, bailey

Skill      XL: |  1  2  3  4  5  6  7  8  9 10 |
---------------+-------------------------------+-----
Armour         | 4 5 6 7 8 9 |  9.1
Shields        | 4 5 6 7 |  7.9
Fighting       | 4 5 6 7 |  7.8
Long Blades    | 3 4 6 7 9 11 12 | 12.4
Dodging        | 1 2 |  2.4
Stealth        | 1 |  1.2
Evocations     | |  0.1

Action                     |  1- 3 |  4- 6 |  7- 9 | 10-12 || total
---------------------------+-------+-------+-------+-------++-------
  Melee: Long sword        |   101 |   103 |   419 |   125 ||   748
         Headbutt          |    12 |    16 |    85 |    31 ||   144
 Invoke: Heroism           |       |       |       |     1 ||     1
  Evoke: Wand              |       |       |       |     6 ||     6
    Use: Scroll            |     3 |     1 |     7 |       ||    11
         Potion            |     1 |       |     1 |     3 ||     5
 Armour: Scale mail        |    59 |       |       |       ||    59
         Chain mail        |     5 |    15 |       |       ||    20
         Plate armour      |       |    28 |   203 |    40 ||   271
  Dodge: Dodged            |    50 |    54 |   226 |    83 ||   413
  Block: Buckler           |    26 |    25 |   105 |    36 ||   192
